 Dungeon Crawl Stone Soup version 0.32-a0-411-g744942f433 (webtiles) character file.

Game seed: 4305671379766932013

566 greynaab the Cleaver (level 7, -5/85 HPs)
             Began as a Mountain Dwarf Berserker on Feb 20, 2024.
             Was a Believer of Trog.
             Slain by a kobold brigand
             ... wielding a +3 dagger
              (8 damage)
             ... in a sewer.
             The game lasted 00:06:47 (2056 turns).

greynaab the Cleaver (Mountain Dwarf Berserker)     Turns: 2056, Time: 00:06:48

Health: -5/85      AC:  6    Str: 20    XL:     7   Next: 10%
Magic:  7/7        EV: 11    Int:  7    God:    Trog [**....]
Gold:   64         SH:  0    Dex: 11    Spells: 6/6 levels left

rFire   . . .        a - +0 hand axe
rCold   . . .        (no shield)
rNeg    . . .        c - +0 ring mail
rPois   .            (no helmet)
rElec   .            (no cloak)
rCorr   .            i - +0 pair of gloves
SInv    .            (no boots)
Will    .....        (no amulet) Stlth
                     (no ring)
HPRegen 0.34/turn    (no ring)
MPRegen 0.10/turn

%: no passive effects
@: mighty, berserking, quick
A: runic magic, artefact enchanting
a: Renounce Religion, Berserk, Trog's Hand


You were in a sewer.
You worshipped Trog.
Trog was pleased with you.
You visited 1 branch of the dungeon, and saw 3 of its levels.
You also visited: Sewer.

You collected 152 gold pieces.
You spent 88 gold pieces at shops.

Inventory:

Hand Weapons
 a - a +0 hand axe (weapon)
Missiles
 g - 15 poisoned darts (quivered)
 q - a curare-tipped dart
Armour
 b - a +0 animal skin
 c - a +0 ring mail (worn)
 d - a +0 scale mail
 i - a +0 pair of gloves (worn)
Scrolls
 e - a scroll of identify
 h - a scroll of brand weapon {unknown}
 k - 2 scrolls of fog
 o - a scroll of blinking {unknown}
Potions
 f - a potion of brilliance {unknown}
 j - 2 potions of enlightenment {unknown}
 l - a potion of curing
 n - 2 potions of haste {unknown}
 p - 2 potions of heal wounds {unknown}


   Skills:
 - Level 3.2 Fighting
 + Level 9.8 Axes
 - Level 2.1 Armour
 - Level 1.3 Dodging


You had 6 spell levels left.
You didn't know any spells.
Your spell library was empty.

Dungeon Overview and Level Annotations

Branches:
Dungeon (3/15) Zot: 16491   Sewer (1/1) Zot: 5369

Altars:

Shops:
D:2 !


Innate Abilities, Weirdness & Mutations

Your spellcasting is much less encumbered by armour.
You can use scrolls of enchantment on lesser artefacts.


Message History

Some shallow water.
Unknown command.
Unknown command.
You barely miss the kobold brigand.
The kobold brigand is lightly wounded.
You hit the kobold brigand.
The kobold brigand is moderately wounded.
The kobold brigand splashes around in the water.
You slash the kobold brigand!
The kobold brigand is heavily wounded.
The kobold brigand hits you with a +3 dagger!
* * * LOW HITPOINT WARNING * * *
Your unstable footing causes you to fumble your attack.
The kobold brigand hits you with a +3 dagger!
* * * LOW HITPOINT WARNING * * *
Unknown command.
Okay, then.
You feel better.
The kobold brigand hits you with a +3 dagger.
* * * LOW HITPOINT WARNING * * *
You feel very mighty all of a sudden.
The kobold brigand hits you with a +3 dagger!
* * * LOW HITPOINT WARNING * * *
Your unstable footing causes you to fumble your attack.
The kobold brigand hits you with a +3 dagger.
* * * LOW HITPOINT WARNING * * *
Your unstable footing causes you to fumble your attack.
You recover from your berserk rage.
Unknown command.
A red film seems to cover your vision as you go berserk!
You feel yourself moving faster!
You feel mighty! The kobold brigand barely misses you.
Your unstable footing causes you to fumble your attack.
The kobold brigand hits you but does no damage.
You closely miss the kobold brigand.
The kobold brigand is heavily wounded.
You slash the kobold brigand!
The kobold brigand is almost dead.
The kobold brigand hits you with a +3 dagger!
You die...

≈≈≈≈≈≈≈≈≈≈≈≈≈ ≈
≈≈≈≈≈≈≈≈≈≈≈≈ ≈
≈≈≈≈≈≈≈≈≈..####
≈≈≈≈≈≈≈..~.~~~~
≈≈≈≈≈~.~.~†####
≈≈≈≈≈...~.~...~ .
≈≈≈≈≈.~~.~~~.#~
!..P############~~...~#~
~~.~~~K@†)~~~~~~..~...#~
~~..############....~~#~
. ≈≈≈.~.~.~~.#~
≈≈≈≈~.P...~~#~
≈≈≈~.~~~~~~.#~
≈≈≈........~#~
≈≈.P~~~.~..#~
###P~.~....~~~
≈≈.~P~~~~~..~~


You could see a kobold brigand.

Vanquished Creatures
  3 kobold brigands (Sewer)
  2 brain worms (Sewer)
  5 gnolls
  2 river rats (Sewer)
  4 adders
  A dart slug (D:2)
  4 bats
  4 endoplasms
  6 giant cockroaches
  A goblin (D:1)
  5 hobgoblins
  7 jackals
  A quokka (D:1)
  9 ball pythons
  6 frilled lizards
  4 kobolds
  19 rats
83 creatures vanquished.

Notes
Turn   | Place    | Note
-------+----------+-------------------------------------------
     0 | D:1      | greynaab the Mountain Dwarf Berserker began the quest for
                  | the Orb.
     0 | D:1      | Reached XP level 1. HP: 19/19 MP: 1/1
    49 | D:1      | Reached skill level 4 in Axes
   101 | D:1      | Reached XP level 2. HP: 25/26 MP: 2/2
   224 | D:1      | Reached skill level 5 in Axes
   250 | D:1      | Reached XP level 3. HP: 31/31 MP: 3/3
   510 | D:1      | Reached ** piety under Trog
   693 | D:2      | Reached XP level 4. HP: 34/38 MP: 4/4
   739 | D:2      | Found Gaclemas's Distillery.
   747 | D:2      | Bought a potion of degeneration for 11 gold pieces
   747 | D:2      | Bought a potion of curing for 33 gold pieces
   747 | D:2      | Bought a potion of might for 44 gold pieces
   768 | D:2      | Reached skill level 6 in Axes
  1020 | D:2      | Reached XP level 5. HP: 45/45 MP: 5/5
  1023 | D:2      | Reached skill level 7 in Axes
  1476 | D:3      | Found a glowing drain.
  1489 | Sewer    | Entered a sewer
  1622 | Sewer    | Reached skill level 8 in Axes
  1622 | Sewer    | Reached XP level 6. HP: 51/51 MP: 6/6
  1904 | Sewer    | Reached skill level 9 in Axes
  2002 | Sewer    | Reached XP level 7. HP: 57/57 MP: 5/7
  2056 | Sewer    | Slain by a kobold brigand

Illustrated notes

Levels and vault maps discovered:
D:1:      ncdulo_halloftheorcs, layout_rooms, minivault_23
D:2:      layout_basic, serial_shops, shop, minmay_tall_x
D:3:      layout_loops_cross, serial_shops, nicolae_shop_industrial_runoff,
          portal_sewer_entry_e, minmay_unequal, uniq_crazy_yiuf_cottage,
          uniq_pargi
Sewer:    sewer_co_scattered_pipes

Skill      XL: |  1  2  3  4  5  6 |
---------------+-------------------+-----
Axes           | 4 5 6 8 9 |  9.8
Fighting       | |  3.2
Armour         | |  2.1
Dodging        | |  1.3

Action                     |  1- 3 |  4- 6 |  7- 9 || total
---------------------------+-------+-------+-------++-------
  Melee: Hand axe          |   119 |   170 |    40 ||   329
 Invoke: Berserk           |     1 |     5 |     1 ||     7
         Trog's Hand       |       |     4 |     1 ||     5
    Use: Scroll            |       |     3 |       ||     3
         Potion            |       |       |     2 ||     2
 Armour: Ring mail         |    82 |    84 |    28 ||   194
  Dodge: Dodged            |    79 |    88 |    17 ||   184

Table legend: (Time is in decaauts)
 A = Elapsed time spent in this place.
 B = Non-inter-level travel time spent in this place.
 C = Inter-level travel time spent in this place.
 D = Time resting spent in this place.
 E = Time spent auto-exploring this place.
 F = Levels seen in this place.
 G = Mean time per level.
                   A        B        C        D        E       F      G
               +--------+--------+--------+--------+--------+-----+--------+
         Total |   2138 |   2037 |    101 |    337 |    975 |   4 |  534.5 |
       Dungeon |   1509 |   1408 |    101 |     79 |    901 |   3 |  503.0 |
         Sewer |    629 |    629 |      0 |    258 |     74 |   1 |  629.0 |
               +--------+--------+--------+--------+--------+-----+--------+

Top non-repeatable levels by time:
     D:2: 755 daAuts
     D:1: 683 daAuts
   Sewer: 629 daAuts
     D:3: 70 daAuts
